Map: Dasan Station LE

Players

Illictfoot

  • Race: Terran Terran
  • League: Platinum

Nano - Winner!

  • Race: Terran Terran
  • League: Platinum

VOD

Have the link to the VOD?

Description

Time

  • Played on: Aug. 25, 2016, 7:06 p.m.
  • Length: 12:56
Show
View Real Time Build Order
Export as new Build Order

Illictfoot Terran 

Build Orders:  

Get SALT Encoding   

  12  0:01  SCV  
  13  0:13  SCV  
  14  0:21  Supply Depot  
  14  0:25  SCV  
  15  0:43  Barracks, SCV  
  15  0:46  Refinery  
  16  0:55  SCV  
  17  1:07  SCV  
  18  1:19  SCV  
  19  1:30  Barracks  
  19  1:31  Marine  
  20  1:39  SCV  
  21  1:42  Refinery  
  21  1:48  Supply Depot  
  21  1:50  Marine  
  21  1:53  Orbital Command  
  22  2:08  Marine  
  23  2:20  SCV  
  23  2:22  Marine  
  24  2:23  Factory  
  25  2:30  Marine  
  25  2:37  SCV  
  27  2:43  Marine  
  28  2:52  Command Center  
  28  2:55  Marine  
  29  3:02  Marine  
  30  3:08  Factory Tech Lab  
  30  3:10  Barracks  
  30  3:14  Marine  
  31  3:25  Supply Depot  
  31  3:26  SCV  
  31  3:32  Siege Tank  
  31  3:33  Marine  
  29  3:36  Reaper  
  28  3:56  Marine  
  28  3:57  Marine  
  30  4:11  Marine  
  30  4:14  SCV  
  32  4:17  SCV  
  32  4:19  Marine x2  
  32  4:21  Siege Tank  
  38  4:27  SCV, Starport  
  38  4:30  SCV  
  40  4:39  Marine x2  
  40  4:40  Supply Depot  
  40  4:41  Marine  
  43  4:52  Orbital Command  
  43  4:59  Marine x2  
  45  5:10  Siege Tank  
  48  5:16  Marine  
  47  5:23  Starport Tech Lab  
  47  5:25  Marine  
  47  5:26  Marine  
  49  5:35  Marine  
  50  5:40  Supply Depot  
  50  5:42  Siege Tank  
  53  5:43  Marine  
  53  5:49  Raven, Marine  
  56  6:20  Siege Tank  
  56  6:21  Marine x3  
  59  6:32  Medivac  
  59  6:39  Marine x3  
  64  6:41  Factory  
  64  6:43  SCV x2, Supply Depot  
  66  7:04  Barracks Tech Lab  
  66  7:07  Medivac  
  68  7:24  Stimpack  
  68  7:26  Barracks Reactor  
  68  7:31  Barracks Reactor  
  68  7:42  Supply Depot  
  68  7:52  SCV x2  
  68  7:53  Factory Tech Lab  
  68  7:54  Command Center, Refinery  
  68  7:56  Refinery  
  70  7:58  Medivac  
  52  8:29  SCV  
  52  8:30  SCV  
  52  8:46  Marine  
  52  8:47  Marine x3  
  56  8:50  Siege Tank  
  56  8:54  Starport  
  59  8:56  Medivac  
  61  9:17  SCV x3  
  61  9:18  Engineering Bay  
  64  9:25  Combat Shields  
  64  9:26  Medivac  
  58  9:57  Medivac, Banshee  
  50  10:12  Marine  
  50  10:13  Marine x4  
  49  10:21  Terran Infantry Weapons Level 1  
  49  10:23  SCV  
  49  10:24  SCV  
  49  10:27  Medivac  
  53  10:30  Marine  
  53  10:32  Barracks  
  54  10:37  Barracks  
  54  10:42  Marine x2  
  55  10:44  Marine  
  57  10:51  Marine x2  
  59  11:00  Marine  
  25  12:09  Barracks Reactor  
  25  12:32  Command Center, Barracks Reactor  
Show
View Real Time Build Order
Export as new Build Order

Nano Terran - Winner!

Build Orders: 1/1/1, MMM Bio, Banshee Rush 

Get SALT Encoding   

  12  0:01  SCV  
  13  0:13  SCV  
  14  0:18  Supply Depot  
  14  0:25  SCV  
  15  0:30  Refinery  
  15  0:40  SCV  
  16  0:45  Barracks  
  16  0:55  Refinery, SCV  
  17  1:07  SCV  
  18  1:20  SCV  
  19  1:32  Orbital Command  
  19  1:33  Reaper  
  19  1:37  Factory  
  20  1:49  Supply Depot  
  20  1:59  SCV  
  21  2:05  Reaper  
  22  2:11  SCV  
  23  2:21  Hellion  
  25  2:23  Starport  
  25  2:28  SCV  
  26  2:42  Hellion  
  26  2:43  Barracks Tech Lab  
  28  2:46  SCV  
  29  3:01  Command Center  
  29  3:05  SCV  
  29  3:10  Factory Tech Lab  
  29  3:11  Barracks Reactor  
  30  3:17  SCV  
  30  3:19  Engineering Bay  
  31  3:23  Cloaking Field  
  30  3:48  SCV  
  30  3:53  Supply Depot  
  30  4:08  Banshee  
  31  4:13  SCV  
  31  4:14  Orbital Command  
  32  4:18  Siege Tank  
  32  4:20  Marine x2  
  32  4:23  Supply Depot  
  37  4:33  SCV  
  37  4:36  Terran Infantry Weapons Level 1  
  37  4:38  Marine x2  
  40  4:57  Siege Tank  
  40  4:58  Medivac  
  43  5:03  SCV x2  
  43  5:05  Supply Depot  
  45  5:15  SCV  
  45  5:16  SCV  
  44  5:21  Marine x2  
  46  5:33  Barracks x2  
  46  5:34  Command Center  
  46  5:38  SCV x2  
  46  5:41  Marine x2  
  50  5:50  SCV x2  
  52  5:58  Marine  
  52  5:59  Marine  
  54  6:07  SCV x2  
  56  6:16  Marine x2  
  58  6:20  SCV  
  58  6:21  SCV  
  58  6:22  Barracks Reactor  
  58  6:23  Barracks Tech Lab  
  60  6:27  Medivac, Siege Tank  
  60  6:32  Missile Turret  
  65  6:35  Supply Depot  
  65  6:36  Marine x2  
  65  6:37  SCV x2  
  65  6:39  Terran Infantry Armor Level 1  
  69  6:44  Marine  
  69  6:46  Stimpack  
  58  6:47  Orbital Command  
  70  6:51  Barracks  
  70  6:53  SCV x2  
  72  6:58  Viking  
  72  6:59  Marine x4  
  78  7:02  Marine  
  79  7:09  SCV x2  
  81  7:17  Marine  
  82  7:24  Marine x3  
  82  7:25  Marine  
  82  7:28  Orbital Command  
  86  7:32  SCV x2, Supply Depot  
  86  7:34  Marine  
  89  7:42  Marine  
  89  7:43  Marine  
  91  7:44  Barracks Reactor  
  91  7:47  Barracks  
  91  7:48  Marine  
  91  7:49  Marine  
  93  7:54  SCV x2  
  95  8:07  Marine x5  
  95  8:08  SCV  
  101  8:14  Supply Depot  
  101  8:19  SCV  
  101  8:23  SCV x2  
  99  8:30  Marine x3  
  101  8:35  SCV, Marine x3  
  101  8:36  Supply Depot  
  99  8:46  Combat Shields, Siege Tank  
  99  8:47  Medivac  
  102  8:49  SCV x3  
  102  8:54  Armory  
  105  8:58  Marine x4  
  105  8:59  Barracks Reactor  
  105  9:00  Marine x2  
  111  9:05  Supply Depot  
  111  9:08  Marine  
  112  9:17  SCV x3  
  112  9:20  Marine x2  
  117  9:25  Barracks  
  117  9:26  Marine x4  
  117  9:30  Barracks  
  121  9:31  Refinery x2  
  119  9:39  Viking, Marine x2  
  119  9:40  Marine  
  119  9:44  SCV x3  
  115  9:55  Siege Tank  
  115  9:56  Marine x4  
  122  10:03  Marine  
  122  10:04  Marine x2  
  125  10:19  Barracks Reactor  
  125  10:23  Supply Depot  
  125  10:26  Supply Depot, Terran Infantry Weapons Level 2  
  125  10:39  Supply Depot  
  125  10:40  Supply Depot  
  125  10:44  Medivac, Marine x6  
  125  10:45  Barracks x2  
  125  10:47  Marine x2  
  125  10:49  Factory  
  135  10:58  Marine x2  
  137  11:14  Medivac  
  137  11:15  Siege Tank, Marine x4  
  137  11:17  Barracks Reactor  
  140  11:28  Marine x5  
  142  11:37  Marine x2  
  142  11:39  Marine x2  
  128  11:47  Marine x3  
  128  11:48  Marine x3  
  120  12:08  Marine  
  120  12:09  Marine  
  120  12:10  Barracks Reactor  
  119  12:20  SCV  
  119  12:21  SCV x2  
  122  12:23  Marine x2  
  122  12:24  Marine x7  
  131  12:33  SCV  
Tags
 
Composition
MMM Bio
Matchup
TvT
Opening
1/1/1
Race
Terran
Replay Pack
choboweek2
Strategy
Banshee Rush
Add a new tag
Caveats
  • Supply blocks, unpowered buildings, or Contaminate may cause inaccurate times.
  • Supply counts are checked every 10 seconds.